 Dungeon Crawl Stone Soup version 0.31-a0-692-gf03d1854d5 (webtiles) character file.

Game seed: 748420722599014686

94 qw the Shooter (level 4, -8/28 HPs)
             Began as a Gargoyle Hunter on Sept 6, 2023.
             Killed by divine providence
             ... invoked by an orc priest
              (13 damage)
             ... on level 3 of the Dungeon.
             The game lasted 00:00:36 (1610 turns).

qw the Shooter (Gargoyle Hunter)                    Turns: 1610, Time: 00:00:37

Health: -8/28      AC:  9    Str: 15    XL:     4   Next: 63%
Magic:  4/4        EV: 11    Int:  9    God:
Gold:   87         SH:  0    Dex: 15    Spells: 3/3 levels left

rFire   . . .        Y - +0 shortbow
rCold   . . .        (shield currently unavailable)
rNeg    + . .        g - +0 ring mail
rPois   inf          (no helmet)
rElec   +            (no cloak)
rCorr   .            e - +0 pair of gloves
SInv    .            (no boots)
Will    .....        h - amulet of faith
Stlth   +            (no ring)
HPRegen 0.24/turn    (no ring)
MPRegen 0.09/turn

%: faith
@: no status effects
A: sickness immunity, AC +3, negative energy resistance 1, electricity
resistance, torment resistance 1, petrification resistance
a: no special abilities


You were on level 3 of the Dungeon.
You visited 1 branch of the dungeon, and saw 3 of its levels.

You collected 87 gold pieces.


Innate Abilities, Weirdness & Mutations

You are immune to sickness and miasma.
Your stone body is resilient. (AC +3)
You are immune to poison.
You resist negative energy. (rN+)
You are resistant to electric shocks. (rElec)
You are resistant to unholy torment.
You are immune to petrification.


   Skills:
 - Level 3.4 Fighting
 + Level 5.0 Ranged Weapons
 - Level 1.4 Armour
 - Level 1.5 Dodging
 - Level 1.1 Stealth


You had 3 spell levels left.
You didn't know any spells.
Your spell library was empty.

Inventory:

Hand Weapons
 Y - a +0 shortbow (weapon)
Armour
 e - a +0 pair of gloves (worn)
 g - a +0 ring mail (worn)
Jewellery
 a - an amulet of magic regeneration
 h - an amulet of faith (around neck)
Potions
 d - a potion of ambrosia {unknown}
 f - a potion of heal wounds {unknown}
 i - a potion of curing {unknown}

Dungeon Overview and Level Annotations

Branches:
Dungeon (3/15)

Altars:


Message History

Found a stone staircase leading down.
You open the door.
There is an open door here.
An orc comes into view. It is wielding a +0 flail.
Found 10 gold pieces.
The orc shouts!
You hear a shout! x2; You hear a bark!
An orc comes into view. It is wielding a +0 whip.
You shoot an arrow. The arrow barely misses the orc.
You shoot an arrow. The arrow hits the orc.
The orc is moderately wounded.
An orc comes into view. It is wielding a +0 war axe.
You shoot an arrow. The arrow hits the orc!
You kill the orc!
An orc priest comes into view. It is wielding a +0 club.
You shoot an arrow. The arrow hits the orc!
You kill the orc!
The orc priest invokes the aid of Beogh against you.
Beogh smites you!
1601 ||| FLEEEEING.
1602 ||| FLEEEEING.
You shoot an arrow. The arrow hits the orc!
You kill the orc!
You shoot an arrow. The arrow barely misses the orc priest.
The orc priest invokes the aid of Beogh against you.
Beogh smites you!
You shoot an arrow.
The arrow completely misses the orc priest.
The orc priest casts a cantrip, but nothing happens.
You shoot an arrow. The arrow hits the orc priest!
The orc priest is heavily wounded.
The orc priest calls down the wrath of Beogh upon you.
Pain shoots through your body!
You shoot an arrow. The arrow barely misses the orc priest.
You shoot an arrow. The arrow hits the orc priest!
The orc priest is almost dead.
You shoot an arrow. The arrow barely misses the orc priest.
You shoot an arrow. The arrow barely misses the orc priest.
The orc priest mumbles some strange prayers to Beogh against you.
Beogh smites you!
You die...

#.#.# #.# #.....# ##.
#.#.###%# #.....# ##..
#.#.....###.....###...
#.#####...#.....##....
#.#.....%.......##....
#.#......#......##....
#.#......##.....##....
#.'......##.....##...)
###..@...##.....##....
#..o...##.....##....
#..)...#####..##....
#......# ##.##...#
....##### #.......
#..... ###...#. #...).
#....... #.#....
#...#..# #.#...o
#..#....


You could see an orc priest.

Vanquished Creatures
  An iguana (D:3)
  2 adders
  A dart slug (D:2)
  4 orcs (D:3)
  9 endoplasms
  2 giant cockroaches
  3 goblins (D:2)
  2 hobgoblins
  2 kobolds (D:1)
  4 ball pythons
  5 bats
  4 frilled lizards
  3 rats
42 creatures vanquished.

Notes
Turn   | Place    | Note
-------+----------+-------------------------------------------
     0 | D:1      | qw the Gargoyle Hunter began the quest for the Orb.
     0 | D:1      | Reached XP level 1. HP: 12/12 MP: 1/1
     0 | D:1      | 0 ||| qw: Version: 0.3-a-76-g4403597
     0 | D:1      | 0 ||| qw: Game counter: 139
     0 | D:1      | 0 ||| qw: Melee chars always use a shield: true
     0 | D:1      | 0 ||| qw: God list: Okawaru
     0 | D:1      | 0 ||| qw: Allow faded altars: false
     0 | D:1      | 0 ||| qw: Do Orc after clearing Dungeon:15 true
     0 | D:1      | 0 ||| qw: Do second Lair branch before Depths: true
     0 | D:1      | 0 ||| qw: Lair rune preference: random
     0 | D:1      | 0 ||| qw: Goals: Normal
     0 | D:1      | 0 ||| PLANNING D:1-11
   143 | D:1      | Reached XP level 2. HP: 17/17 MP: 2/2
   634 | D:1      | Reached XP level 3. HP: 21/21 MP: 3/3
   669 | D:1      | 669 ||| UPGRADING to +0 pair of gloves.
   674 | D:1      | 674 ||| UPGRADING to +0 ring mail.
   684 | D:1      | 684 ||| DROPPING +0 leather armour.
   685 | D:1      | 685 ||| UPGRADING to amulet of faith.
   690 | D:1      | 690 ||| DROPPING scroll of butterflies.
   869 | D:2      | Found a faded altar of an unknown god.
   929 | D:2      | Reached skill level 1 in Armour
  1005 | D:2      | Reached skill level 5 in Ranged Weapons
  1311 | D:2      | 1311 ||| READING scroll labelled HAIRATIJUO.
  1312 | D:2      | 1312 ||| READING scroll labelled COPSAOBLED.
  1313 | D:2      | 1313 ||| READING scroll labelled WODUSHONN FYGI.
  1327 | D:2      | 1327 ||| READING scroll labelled CIASAQ PUQICH.
  1365 | D:3      | Reached XP level 4. HP: 21/27 MP: 4/4
  1493 | D:3      | Reached skill level 3 in Fighting
  1601 | D:3      | 1601 ||| FLEEEEING.
  1602 | D:3      | 1602 ||| FLEEEEING.
  1604 | D:3      | HP: 5/28 [orc priest/divine providence (12)]
  1610 | D:3      | Killed from afar by an orc priest

Levels and vault maps discovered:
D:1:      dpeg_arrival_renting, layout_basic
D:2:      layout_loops_cross, shapermc_ecumenical_altar_gd
D:3:      layout_basic, hex_tiny, nicolae_concentric_dashed_squares_mild,
          chequers_decorated_corner, minmay_fractal_squares_gapless_5,
          uniq_crazy_yiuf_cottage, uniq_terence

Skill      XL: |  1  2  3  4 |
---------------+-------------+-----
Armour         | 1 |  1.4
Ranged Weapons | 5 |  5.0
Fighting       | 3 |  3.4
Dodging        | |  1.5
Stealth        | |  1.1

Action                     |  1- 3 |  4- 6 || total
---------------------------+-------+-------++-------
   Fire: Shortbow          |    90 |    37 ||   127
    Use: Scroll            |     4 |       ||     4
 Armour: Leather armour    |     4 |       ||     4
         Ring mail         |     7 |     4 ||    11
  Dodge: Dodged            |    11 |    11 ||    22

Table legend:
 A = Non-vault XP
 B = Vault XP
 C = Vault XP percentage of total XP
 D = Non-vault monster count
 E = Vault monster count
 F = Vault count percentage of total count
                 A         B        C        D         E       F
            +---------+---------+-------+---------+---------+-------
      Total |     135 |       0 |   0.0 |      42 |       0 |   0.0
            +---------+---------+-------+---------+---------+-------
        D:1 |      36 |       0 |   0.0 |      23 |       0 |   0.0
        D:2 |      31 |       0 |   0.0 |       9 |       0 |   0.0
        D:3 |      68 |       0 |   0.0 |      10 |       0 |   0.0
            +---------+---------+-------+---------+---------+-------
